Map: Ancient Cistern LE

Players

休伯利安号舰长

  • Race: Terran Terran
  • League: Gold
  • Spawn Location: 7:00

winzboy - Winner!

  • Race: Protoss Protoss
  • League: Gold
  • Spawn Location: 1:00

VOD

Have the link to the VOD?

Description

Time

  • Played on: May 26, 2023, 1:50 a.m.
  • Length: 15:12
Show
View Real Time Build Order
Export as new Build Order

休伯利安号舰长 Terran 

Build Orders: 1/1/1, Cyclone Opening 

Get SALT Encoding   

  12  0:00  SCV  
  13  0:16  Supply Depot  
  13  0:17  SCV  
  14  0:26  Refinery  
  14  0:29  SCV  
  15  0:42  Barracks  
  15  0:46  SCV  
  16  0:58  SCV  
  17  1:10  SCV  
  18  1:19  Refinery  
  18  1:23  SCV  
  19  1:34  Factory  
  19  1:35  Marine  
  19  1:37  Orbital Command  
  20  1:49  Supply Depot  
  20  1:58  Marine  
  21  2:06  SCV  
  22  2:16  Marine  
  22  2:18  SCV  
  22  2:20  Supply Depot  
  22  2:22  Starport  
  24  2:29  Factory Tech Lab  
  24  2:30  SCV  
  24  2:34  Marine  
  26  2:43  SCV  
  27  2:49  Cyclone  
  30  2:55  SCV  
  31  3:07  Starport Tech Lab  
  31  3:09  Fusion Core  
  31  3:21  Command Center  
  31  3:24  SCV  
  32  3:44  Bunker  
  32  3:45  SCV  
  33  4:00  Battlecruiser  
  39  4:13  Refinery  
  39  4:19  Engineering Bay  
  39  4:20  Barracks Tech Lab  
  39  4:25  Siege Tank  
  39  4:30  SCV  
  43  4:39  Orbital Command  
  43  4:42  SCV  
  44  4:47  Weapon Refit  
  44  4:55  Refinery  
  44  5:06  Siege Tank  
  47  5:13  Supply Depot  
  47  5:16  SCV  
  47  5:20  SCV  
  49  5:33  SCV  
  50  5:36  Supply Depot  
  50  5:39  Battlecruiser  
  56  5:44  SCV  
  57  5:56  SCV, Supply Depot  
  58  5:58  Supply Depot  
  58  6:02  Missile Turret  
  58  6:15  Missile Turret  
  58  6:18  Siege Tank  
  61  6:35  Missile Turret  
  61  6:56  Battlecruiser  
  61  6:57  Missile Turret  
  67  7:18  Missile Turret  
  67  7:19  Siege Tank  
  70  7:27  Command Center  
  70  7:28  Refinery  
  70  7:29  Refinery  
  70  7:38  Missile Turret  
  70  8:01  Battlecruiser  
  70  8:02  Siege Tank  
  73  8:35  Siege Tank  
  76  8:42  Armory  
  76  9:06  Battlecruiser  
  82  9:14  Engineering Bay  
  82  9:16  Planetary Fortress  
  58  9:42  SCV  
  58  9:54  SCV  
  58  9:58  Bunker, SCV  
  60  10:04  Siege Tank  
  60  10:06  SCV  
  64  10:10  SCV  
  65  10:14  Factory  
  65  10:18  SCV  
  66  10:22  SCV  
  66  10:25  Supply Depot  
  67  10:30  SCV  
  67  10:34  SCV  
  70  10:42  SCV  
  70  10:46  SCV  
  70  10:48  Supply Depot  
  71  10:54  SCV  
  72  10:59  SCV  
  73  11:10  Supply Depot  
  73  11:11  SCV  
  68  11:37  Siege Tank  
  68  11:38  Siege Tank  
  74  11:44  Terran Vehicle And Ship Armor Level 1  
  68  11:49  Armory  
  68  11:50  Barracks Reactor  
  68  12:10  Siege Tank x2  
  74  12:16  Factory  
  74  12:17  Factory  
  74  12:18  Factory  
  74  12:20  Factory  
  74  12:42  Siege Tank x2  
  80  12:46  Sensor Tower  
  80  12:54  Missile Turret  
  80  12:57  SCV  
  81  13:01  Terran Vehicle Weapons Level 1  
  81  13:05  Armory, Factory Tech Lab  
  81  13:06  Factory Tech Lab x3  
  81  13:09  SCV  
  81  13:12  SCV  
  83  13:16  Missile Turret  
  83  13:21  SCV  
  83  13:24  SCV  
  85  13:33  SCV  
  86  13:36  SCV, Missile Turret  
  87  13:42  Command Center  
  87  13:45  SCV  
  88  13:48  SCV  
  89  13:57  Missile Turret  
  89  14:00  SCV  
  90  14:12  Thor x4  
  74  14:56  Engineering Bay  
Show
View Real Time Build Order
Export as new Build Order

winzboy Protoss - Winner!

Build Orders:  

Get SALT Encoding   

  12  0:01  Probe  
  13  0:15  Probe  
  14  0:21  Pylon  
  14  0:27  Probe  
  15  0:41  Gateway  
  15  0:47  Probe (Chrono Boost)  
  16  0:51  Assimilator  
  17  0:57  Probe (Chrono Boost)  
  17  1:04  Probe (Chrono Boost)  
  18  1:16  Probe (Chrono Boost)  
  19  1:20  Probe (Chrono Boost)  
  20  1:32  Cybernetics Core  
  20  1:35  Pylon  
  20  1:38  Probe  
  21  1:42  Assimilator  
  21  1:50  Probe  
  21  2:02  Probe  
  21  2:05  Nexus  
  22  2:12  Pylon  
  22  2:17  Probe (Chrono Boost)  
  23  2:28  Warp Gate  
  24  2:30  Probe (Chrono Boost)  
  24  2:34  Stalker  
  26  2:37  Probe (Chrono Boost)  
  27  2:48  Probe  
  28  3:00  Probe  
  28  3:04  Stalker  
  31  3:12  Probe  
  32  3:30  Gateway x2  
  32  3:31  Robotics Facility  
  32  3:34  Stalker (Chrono Boost)  
  32  3:37  Probe  
  35  3:45  Probe  
  36  3:49  Probe  
  37  3:57  Probe  
  37  4:00  Stalker (Chrono Boost)  
  40  4:04  Probe  
  40  4:09  Probe  
  42  4:16  Twilight Council  
  43  4:19  Pylon  
  43  4:20  Probe (Chrono Boost)  
  43  4:21  Probe (Chrono Boost)  
  43  4:22  Pylon  
  44  4:30  Probe (Chrono Boost)  
  46  4:31  Assimilator  
  46  4:32  Probe (Chrono Boost)  
  46  4:33  Assimilator  
  46  4:38  Stalker  
  48  4:39  Stalker  
  48  4:41  Probe  
  48  4:44  Observer  
  52  4:48  Probe  
  53  4:53  Probe  
  53  4:55  Pylon  
  54  5:00  Probe  
  54  5:05  Probe, Immortal  
  60  5:12  Sentry  
  62  5:43  Gateway  
  62  5:45  Gateway  
  62  5:48  Gateway  
  62  5:49  Gateway x2  
  62  5:52  Gateway  
  62  5:53  Pylon  
  62  5:55  Pylon, Zealot x2, Gateway  
  62  5:56  Forge  
  66  6:03  Pylon, Observer  
  66  6:17  Immortal  
  70  6:28  Zealot  
  70  6:29  Zealot x2  
  75  6:43  Stalker x2  
  75  6:44  Stalker  
  75  6:45  Stalker  
  79  6:53  Charge  
  79  7:08  Probe  
  80  7:11  Warp Prism  
  82  7:20  Probe, Zealot x2  
  82  7:21  Zealot  
  89  7:32  Probe  
  89  7:33  Pylon  
  89  7:36  Pylon, Stalker  
  92  7:42  Pylon  
  91  7:51  Probe  
  91  8:02  Pylon  
  91  8:03  Probe  
  91  8:26  Pylon  
  91  8:31  Pylon  
  91  8:33  Pylon  
  91  8:35  Stalker  
  93  8:42  Nexus  
  93  8:52  Templar Archives  
  93  8:53  Pylon, Stalker  
  93  8:54  Stalker x3  
  93  8:55  Stalker  
  103  8:58  Pylon  
  103  8:59  Pylon  
  103  9:07  Stalker  
  103  9:08  Zealot, Stalker  
  86  9:37  Pylon  
  80  9:40  Pylon  
  80  9:42  High Templar  
  80  9:43  High Templar x3  
  80  9:44  High Templar x2  
  80  9:45  High Templar x3  
  94  9:46  High Templar  
  94  9:49  Archon x4  
  94  9:50  Archon  
  98  9:59  Probe  
  99  10:12  Probe  
  100  10:16  Pylon  
  100  10:18  Pylon  
  100  10:23  Pylon  
  100  10:24  Probe  
  101  10:32  Stalker  
  101  10:33  Stalker x2  
  101  10:34  Stalker x2  
  111  10:36  Probe  
  111  10:39  Stalker  
  107  10:48  Probe  
  82  11:35  Warp Prism  
  80  12:11  Warp Prism  
  82  12:47  Observer  
  83  13:09  Observer  
  84  13:22  Zealot x2  
  88  13:28  Zealot x2  
  88  13:29  Zealot x3  
  88  13:30  Zealot x3  
  104  13:39  Gateway  
  104  13:40  Gateway  
  104  13:42  Gateway  
  104  13:43  Gateway  
  104  13:46  Gateway  
  104  13:49  High Templar x2, Gateway  
  104  13:51  Forge  
  104  13:53  Forge  
  108  14:11  High Templar  
  108  14:12  High Templar x2  
  108  14:14  Zealot x3  
  108  14:15  Zealot  
  122  14:26  Zealot  
  88  15:09  Zealot x2  
Tags
 
Add a new tag
Caveats
  • Supply blocks, unpowered buildings, or Contaminate may cause inaccurate times.
  • Supply counts are checked every 10 seconds.